 Dungeon Crawl Stone Soup version 0.27-a0-412-g8dd771eca2 (webtiles) character file.

Game seed: 16242880736849721026

204 Morbidden the Ruffian (level 5, 0/41 HPs)
             Began as a Demonspawn Gladiator on Feb 24, 2021.
             Slain by Edmund
             ... wielding a +3 vorpal flail
              (1 damage)
             ... on level 3 of the Dungeon.
             The game lasted 00:05:12 (3521 turns).

Morbidden the Ruffian (Demonspawn Gladiator)        Turns: 3521, Time: 00:05:13

Health: 0/41       AC:  7    Str: 15    XL:     5   Next: 52%
Magic:  5/5        EV: 13    Int: 10    God:
Gold:   173        SH:  4    Dex: 14    Spells: 4/4 levels left

rFire    . . .     SeeInvis .     - Unarmed
rCold    + . .     Faith    .   (no shield)
rNeg     . . .     Spirit   .   a - +0 leather armour
rPois    +         Reflect  .   b - +1 helmet
rElec    .         Harm     .   (no cloak)
rCorr    .         Rampage  .   (no gloves)
Will     .....                  (no boots)
Stlth    +.........             (no amulet)
HPRegen  0.13/turn              f - ring of poison resistance
MPRegen  0.09/turn              q - ring of protection from cold

@: no status effects
A: sharp scales 2, condensation shield
a: no special abilities


You were on level 3 of the Dungeon.
You visited 1 branch of the dungeon, and saw 4 of its levels.

You collected 173 gold pieces.

Inventory:

Missiles
 c - 3 throwing nets
 h - 12 boomerangs
 m - 13 poisoned darts (quivered)
Armour
 a - a +0 leather armour (worn)
 b - a +1 helmet (worn)
Jewellery
 f - a ring of poison resistance (left hand)
 q - a ring of protection from cold (right hand)
Scrolls
 d - a scroll of amnesia
 g - 9 scrolls of identify


   Skills:
 * Level 3.0 Fighting
 + Level 2.3 Throwing
 + Level 1.3 Armour
 * Level 3.5 Dodging
 + Level 0.5 Stealth
 + Level 0.1 Shields
 + Level 4.0 Unarmed Combat


You had 4 spell levels left.
You didn't know any spells.
Your spell library was empty.

Dungeon Overview and Level Annotations

Branches:
Dungeon (4/15)
 Temple: D:4-7

Altars:
Makhleb

Annotations:
D:3 Edmund
D:4 Grinder


Innate Abilities, Weirdness & Mutations

You are mostly covered in razor-sharp scales. (AC +2, Slay +2)
A meltable shield of frost defends you. (SH +4)


Message History

Unknown command.
Grinder gestures at you. Pain shoots through your body!
There is an open door here.
Grinder is nearby!
There's nothing to close nearby.
You close the door.
Unknown command.
You start resting.
Grinder is nearby!
You open the door. Grinder gestures at you. Pain shoots through your body!
* * * LOW HITPOINT WARNING * * *
There is an open door here.
You close the door.
You start resting.
Grinder is nearby!
You open the door.
Grinder blinks!
There is an open door here.
You close the door.
There is a stone staircase leading up, spattered with blood here.
You start resting.
Grinder is nearby!
You climb upwards.
Level annotation: Edmund Edmund hits you with a +3 vorpal flail!
* * * LOW HITPOINT WARNING * * *
x2 Edmund misses you.
There is a stone staircase leading down, spattered with blood here.
Unknown command.
You feel much better. Edmund hits you with a +3 vorpal flail!
* * * LOW HITPOINT WARNING * * *
Unknown command.
You hit Edmund.
Edmund is lightly wounded.
Unknown command.
Edmund hits you with a +3 vorpal flail!
* * * LOW HITPOINT WARNING * * *
You die...

## ##.#.## #...#......#...#. .#
##.##### ##########.#...#. .#
#.....#### #.##.##.
.#########.......# #.......
.##..@.........<.###### ####.###
.##.#####..##.#.......# #.#
......###.....#....>..#######(##
.......##........@....##.......##
.......##.......@.....##.##.....#
.##.##.........(#.....##.##.###.#
.##.......#.############.##.# #.#
....######.)....## #.##.###.#
..#.# #.......# #.##.....# ....#
#..###..##### #.......## ....#
#..#........# ####.#### ....####
#....#..###.######.#
.......###..###..# #........#


You could see Edmund.

Vanquished Creatures
  A howler monkey (D:2)
  8 adders
  3 worms (D:2)
  3 dart slugs
  2 leopard geckos
  4 orcs (D:3)
  5 giant cockroaches
  3 goblins
  10 hobgoblins
  4 jackals (D:2)
  5 kobolds
  A quokka (D:3)
  12 bats
  7 frilled lizards
  A quokka skeleton (D:3)
  8 rats
77 creatures vanquished.

Notes
Turn   | Place    | Note
-------+----------+-------------------------------------------
     0 | D:1      | Morbidden the Demonspawn Gladiator began the quest for the
                  | Orb.
     0 | D:1      | Reached XP level 1. HP: 16/16 MP: 1/1
   436 | D:1      | Gained mutation: You are partially covered in razor-sharp
                  | scales. (AC +1, Slay +1) [demonic ancestry]
   436 | D:1      | Reached XP level 2. HP: 22/22 MP: 2/2
   455 | D:1      | Reached skill level 3 in Unarmed Combat
   884 | D:1      | Reached XP level 3. HP: 27/27 MP: 3/3
  1250 | D:2      | Gained mutation: You are mostly covered in razor-sharp
                  | scales. (AC +2, Slay +2) [demonic ancestry]
  1250 | D:2      | Reached XP level 4. HP: 25/34 MP: 4/4
  1283 | D:2      | Reached skill level 1 in Armour
  1986 | D:2      | Found a burning altar of Makhleb.
  2065 | D:2      | Gained mutation: A meltable shield of frost defends you.
                  | (SH +4) [demonic ancestry]
  2065 | D:2      | Reached XP level 5. HP: 40/40 MP: 5/5
  3077 | D:3      | Reached skill level 4 in Unarmed Combat
  3103 | D:4      | Noticed Edmund
  3413 | D:4      | Noticed Grinder
  3429 | D:4      | Paralysed by Grinder for 7 turns
  3443 | D:4      | Paralysed by Grinder for 5 turns
  3452 | D:4      | Paralysed by Grinder for 3 turns
  3516 | D:3      | HP: 2/41 [Edmund/+3 vorpal flail (2)]
  3521 | D:3      | HP: 1/41 [Edmund/+3 vorpal flail (11)]
  3521 | D:3      | Slain by Edmund

Illustrated notes

Levels and vault maps discovered:
D:1:      minmay_arrival_plants_in_alcoves, layout_loops_cross, corner_web_ring,
          minivault_4
D:2:      layout_basic, lightli_temple_of_fire, mrwooster_statue_mirror
D:3:      layout_loops_cross
D:4:      layout_basic, uniq_edmund, uniq_pikel, uniq_blork_the_orc,
          uniq_grinder, uniq_menkaure

Skill      XL: |  1  2  3  4  5 |
---------------+----------------+-----
Dodging        | 3 |  3.5
Unarmed Combat | 3 4 |  4.0
Throwing       | 2 |  2.3
Armour         | 1 |  1.3
Fighting       | 3 |  3.0
Stealth        | |  0.5
Shields        | |  0.1

Action                   |  1- 3 |  4- 6 || total
-------------------------+-------+-------++-------
Melee: Unarmed           |    96 |   157 ||   253
       Punch             |     4 |       ||     4
Throw: Boomerang         |    11 |    14 ||    25
       Dart              |     7 |    15 ||    22
  Use: Potion            |       |     9 ||     9
       Scroll            |       |     5 ||     5
Armor: Leather armour    |    28 |    74 ||   102
Dodge: Dodged            |    60 |   123 ||   183
Block: Other             |       |    24 ||    24

Table legend: (Time is in decaauts)
 A = Elapsed time spent in this place.
 B = Non-inter-level travel time spent in this place.
 C = Inter-level travel time spent in this place.
 D = Time resting spent in this place.
 E = Time spent auto-exploring this place.
 F = Levels seen in this place.
 G = Mean time per level.
                   A        B        C        D        E       F      G
               +--------+--------+--------+--------+--------+-----+--------+
         Total |   3513 |   3444 |     69 |    264 |   2494 |   4 |  878.2 |
       Dungeon |   3513 |   3444 |     69 |    264 |   2494 |   4 |  878.2 |
               +--------+--------+--------+--------+--------+-----+--------+

Top non-repeatable levels by time:
     D:2: 1109 daAuts
     D:1: 1046 daAuts
     D:3: 981 daAuts
     D:4: 376 daAuts
